 Dungeon Crawl Stone Soup version 0.27.1-15-g792fb953b9 (webtiles) character file.

Game seed: 13436258851600442147

604 ggallus the Chopper (level 7, -10/61 HPs)
             Began as a Hill Orc Fighter on Nov 18, 2021.
             Mangled by Prince Ribbit (16 damage)
             ... on level 5 of the Dungeon.
             The game lasted 00:15:13 (4772 turns).

ggallus the Chopper (Hill Orc Fighter)              Turns: 4772, Time: 00:15:14

Health: -10/61     AC:  8    Str: 21    XL:     7   Next: 42%
Magic:  7/7        EV:  8    Int:  8    God:
Gold:   126        SH:  9    Dex: 10    Spells: 6/6 levels left

rFire    + . .     SeeInvis .   k - +2 war axe (freeze)
rCold    . . .     Faith    .   c - +0 kite shield
rNeg     . . .     Spirit   .   b - +0 scale mail
rPois    .         Reflect  .   (no helmet)
rElec    .         Harm     .   o - +0 cloak
rCorr    .         Rampage  .   (no gloves)
Will     .....                  (no boots)
Stlth    ..........             (no amulet)
HPRegen  0.20/turn              j - ring of protection from fire
MPRegen  0.10/turn              (no ring)

@: silenced
A: no striking features
a: no special abilities


You were on level 5 of the Dungeon.
You visited 1 branch of the dungeon, and saw 5 of its levels.

You collected 162 gold pieces.
You spent 36 gold pieces at shops.

Inventory:

Hand Weapons
 a - a +0 war axe
 k - a +2 war axe of freezing (weapon)
 m - a +3 quarterstaff of chaos
 n - a +2 mace of draining
Missiles
 p - 2 throwing nets (quivered)
Armour
 b - a +0 scale mail (worn)
 c - a +0 kite shield (worn)
 o - a +0 cloak (worn)
Jewellery
 j - a ring of protection from fire (left hand)
 q - a +6 ring of intelligence
Scrolls
 d - 3 scrolls of teleportation
 f - a scroll of holy word {unknown}
 g - 2 scrolls of identify
Potions
 e - a potion of attraction


   Skills:
 + Level 5.3 Fighting
 + Level 7.0 Axes
 + Level 4.8 Armour
 + Level 1.5 Dodging
 + Level 0.5 Stealth
 + Level 4.5 Shields


You had 6 spell levels left.
You didn't know any spells.
Your spell library was empty.

Dungeon Overview and Level Annotations

Branches:
Dungeon (5/15)
 Temple: D:4-7

Altars:

Shops:
D:1 !

Annotations:
D:5 Prince Ribbit


Message History

Prince Ribbit is moderately wounded.
You feel sick. You block Prince Ribbit's attack.
You miss Prince Ribbit.
Prince Ribbit is moderately wounded.
You feel sick. Prince Ribbit closely misses you.
You block Prince Ribbit's attack.
You hit Prince Ribbit.
Prince Ribbit seems to slow down.
You freeze Prince Ribbit.
Prince Ribbit is moderately wounded.
You feel sick.
You are no longer poisoned.
You block Prince Ribbit's attack.
You closely miss Prince Ribbit.
Prince Ribbit is moderately wounded.
You block Prince Ribbit's attack.
You closely miss Prince Ribbit.
Prince Ribbit is moderately wounded.
Prince Ribbit completely misses you.
You closely miss Prince Ribbit.
Prince Ribbit is moderately wounded.
Prince Ribbit is no longer moving slowly.
You block Prince Ribbit's attack. Prince Ribbit hits you!
You closely miss Prince Ribbit.
Prince Ribbit is moderately wounded.
Prince Ribbit hits you!
* * * LOW HITPOINT WARNING * * *
Prince Ribbit completely misses you.
It was a potion of attraction.
You feel attractive to monsters.
Prince Ribbit blinks!
Prince Ribbit is pulled toward you!
It was a potion of cancellation.
Your magical effects are unravelling.
You feel magically purged. Prince Ribbit closely misses you.
You feel less attractive to monsters.
As you read the scroll labelled TAICLU ERCHIQORGH, it crumbles to dust.
A profound silence engulfs you.
It was a scroll of silence.
Prince Ribbit hits you!
You die...

..... ..... #...# #...#
#..$# #.#.# #...# #.#.#
#####)####### #...#
#...).......# #... #
##.###@F####.###.##
#.#.##.........##.##>..##
.......[../.....#.#.....##
.#.##...###.#.......<...#
#.......#.##.#.....##
##...........##...##
##.##.##.######.##
#.......# #.# ####.####
#..


You could see Prince Ribbit.

Vanquished Creatures
  Duvessa (D:5)
  Blork the orc (D:4)
  Dowan (D:5)
  A water moccasin zombie (D:5)
  A water moccasin skeleton (D:4)
  A hound (D:4)
  Crazy Yiuf (D:4)
  An iguana (D:4)
  4 adders
  3 gnolls (D:3)
  2 howler monkey skeletons
  2 worms
  3 dart slugs
  2 orcs
  5 endoplasms
  3 giant cockroaches
  9 goblins
  7 hobgoblins
  10 jackals (D:3)
  3 quokkas
  7 ball pythons
  10 bats
  2 frilled lizards (D:2)
  6 kobolds
  3 rats
89 creatures vanquished.

Notes
Turn   | Place    | Note
-------+----------+-------------------------------------------
     0 | D:1      | ggallus the Hill Orc Fighter began the quest for the Orb.
     0 | D:1      | Reached XP level 1. HP: 19/19 MP: 1/1
   341 | D:1      | Found Rank's Distillery.
   411 | D:1      | Reached XP level 2. HP: 11/27 MP: 2/2
   890 | D:1      | Reached skill level 3 in Axes
  1129 | D:2      | Reached XP level 3. HP: 19/33 MP: 3/3
  2457 | D:2      | Reached XP level 4. HP: 41/41 MP: 4/4
  2618 | D:1      | Bought a potion of flight for 36 gold pieces
  2704 | D:3      | Reached skill level 4 in Axes
  2704 | D:3      | Reached XP level 5. HP: 31/47 MP: 5/5
  3389 | D:4      | Reached skill level 5 in Axes
  3389 | D:4      | Reached skill level 1 in Dodging
  3389 | D:4      | Reached XP level 6. HP: 55/55 MP: 6/6
  3493 | D:4      | Noticed Blork the orc
  3505 | D:4      | Killed Blork the orc
  4013 | D:4      | Found a runed translucent door.
  4014 | D:4      | Noticed Crazy Yiuf
  4019 | D:4      | Killed Crazy Yiuf
  4303 | D:4      | Reached skill level 6 in Axes
  4711 | D:5      | Entered Level 5 of the Dungeon
  4744 | D:5      | Noticed Dowan
  4744 | D:5      | Noticed Prince Ribbit
  4745 | D:5      | Noticed Duvessa
  4755 | D:5      | Killed Duvessa
  4756 | D:5      | Reached skill level 5 in Fighting
  4756 | D:5      | Reached XP level 7. HP: 35/61 MP: 7/7
  4758 | D:5      | Killed Dowan
  4759 | D:5      | Reached skill level 7 in Axes
  4772 | D:5      | Mangled by Prince Ribbit

Illustrated notes

Levels and vault maps discovered:
D:1:      psy_arrival_fountain, layout_basic, serial_shops, shop, serial_glass,
          glass_columns_b, glass_columns_a, item_on_display_b,
          due_unseen_surprise, item_on_display_a, nrook_uturn
D:2:      minmay_diamond_boxcup, layout_basic
D:3:      layout_rooms
D:4:      cheibrodos_greedy_goblins, layout_loops_ring, uniq_blork_the_orc,
          uniq_crazy_yiuf_cottage
D:5:      layout_loops_cross, uniq_duvessa, uniq_edmund, uniq_prince_ribbit1

Skill      XL: |  1  2  3  4  5  6  7 |
---------------+----------------------+-----
Fighting       | 4 5 |  5.3
Axes           | 3 4 5 6 7 |  7.0
Armour         | 4 |  4.8
Shields        | 4 |  4.5
Dodging        | 1 |  1.5
Stealth        | |  0.5

Action                   |  1- 3 |  4- 6 |  7- 9 || total
-------------------------+-------+-------+-------++-------
Melee: War axe           |   141 |   103 |    10 ||   254
  Use: Scroll            |     2 |     2 |     1 ||     5
       Potion            |       |     6 |     3 ||     9
Armor: Scale mail        |   154 |    65 |     2 ||   221
       Skin              |       |    42 |       ||    42
Dodge: Dodged            |    70 |    46 |     5 ||   121
Block: Kite shield       |   137 |    82 |     7 ||   226
